 Dungeon Crawl Stone Soup version 0.30-a0-40-gc6d0f036a7 (webtiles) character file.

Game seed: 14732745346375635667

374 ytrimaz the Stinger (level 6, -3/38 HPs)
             Began as an Octopode Transmuter on Aug 29, 2022.
             Was an Initiate of Ashenzari.
             Slain by an orc
             ... wielding a +0 whip
              (5 damage)
             ... on level 4 of the Dungeon.
             The game lasted 00:04:11 (4500 turns).

ytrimaz the Stinger (Octopode Transmuter)           Turns: 4500, Time: 00:04:12

Health: -3/38      AC:  1    Str: 10    XL:     6   Next: 72%
Magic:  7/10       EV: 13    Int: 17    God:    Ashenzari [......]
Gold:   1063       SH:  0    Dex: 12    Spells: 1/11 levels left

rFire   . . .      SeeInvis .      - Unarmed
rCold   . . .      Faith    .    (no shield)
rNeg    . . .      Spirit   .    (helmet restricted)
rPois   .          Reflect  .    (no amulet)
rElec   .          Harm     .    (no ring)
rCorr   .          Rampage  .    (no ring)
Will    .....                    (no ring)
Stlth   ++........               (no ring)
HPRegen 0.12/turn                (no ring)
MPRegen 0.12/turn                (no ring)
                                 (no ring)
                                 (no ring)

@: wereblooded, studying Maces & Flails
A: almost no armour, amphibious, 8 rings, camouflage 1, gelatinous body 1,
(nimble swimmer 1), tentacles
a: Renounce Religion


You were on level 4 of the Dungeon.
You worshipped Ashenzari.
Ashenzari was noncommittal.
You visited 1 branch of the dungeon, and saw 4 of its levels.
You also visited: Sewer.

You collected 1063 gold pieces.

Inventory:

Scrolls
 a - a scroll of fear
 c - a scroll of vulnerability
 d - a scroll of noise
 e - 2 scrolls of amnesia
Potions
 b - a potion of invisibility {unknown}
 f - a potion of degeneration {unknown}
 g - a potion of curing {unknown}
 h - a potion of berserk rage
 i - a potion of mutation {unknown}


   Skills:
 - Level 1.0 Fighting
 - Level 2.0 Dodging
 - Level 4.1 Unarmed Combat
 + Level 3.2 Spellcasting
 + Level 3.4 Transmutations
 * Level 1.4 Ice Magic
 * Level 4.5 Poison Magic


You had one spell level left.
You knew the following spells:

 Your Spells              Type           Power      Damage    Failure   Level
a - Beastly Appendage     Tmut           28%        N/A       4%          1
b - Wereblood             Tmut           14%        N/A       6%          2
c - Spider Form           Tmut/Pois      16%        N/A       10%         3
d - Ice Form              Ice/Tmut       11%        N/A       52%         4

Your spell library contained the following spells:

 Spells                   Type           Power      Damage    Failure   Level
 Magic Dart               Conj           8%         1d3       17%         1
 Necrotise                Necr           8%         1d4       17%         1
 Searing Ray              Conj           4%         2d4       26%         2
 Dazzling Flash           Conj/Hex       4%         N/A       45%         3
 Vampiric Draining        Necr           2%         2d6       45%         3
 Fulminant Prism          Conj/Hex       1%         3d6       86%         4
 Iskenderun's Mystic Bla  Conj/Tloc      2%         2d3       86%         4
 Agony                    Necr           2%         N/A       99%         5
 Starburst                Conj/Fire      1%         6d3       100%        6


Dungeon Overview and Level Annotations

Branches:
Dungeon (4/15)              Sewer (visited)
 Temple: D:4-7

Altars:
Ashenzari
Gozag
Okawaru


Innate Abilities, Weirdness & Mutations

You cannot wear most types of armour.
You are amphibious.
You can wear up to eight rings at the same time.
Your skin changes colour to match your surroundings (Stealth+).
Your rubbery body absorbs attacks. (AC +1, EV +1)
((You are camouflaged when in or above water. (Stealth+)))
You have tentacles for arms and can constrict up to eight enemies at once.


Message History

The orc priest is almost dead.
The orc barely misses you.
The orc priest mumbles some strange prayers to Beogh against you.
Beogh smites you! The goblin hits you with a +0 club.
You hit the orc priest.
You feel a bit better.
You kill the orc priest!
The orc barely misses you.
A gnoll comes into view. It is wielding a +0 halberd.
The goblin misses you.
Unknown command.
The gnoll shouts!
You hit the goblin.
The goblin is poisoned.
The goblin is severely wounded.
You feel a bit better.
You kill the goblin!
The orc barely misses you. The orc hits you with a +0 mace.
Unknown command.
You hit the orc.
The orc is poisoned.
The orc is moderately wounded.
The orc hits you with a +0 mace.
The orc priest hits you with a +0 whip of pain.
You writhe in agony.
* * * LOW HITPOINT WARNING * * *
The orc misses you.
A gnoll comes into view. It is wielding a +0 whip.
You hit the orc priest but do no damage.
The orc priest is poisoned.
The orc completely misses you.
The orc priest calls upon Beogh to heal the orc.
The orc's wounds heal themselves!
The orc hits you with a +0 mace.
* * * LOW HITPOINT WARNING * * *
A gnoll comes into view. It is wielding a +0 halberd.
Unknown command.
You hit the orc priest.
The orc priest is moderately wounded.
Your transformation has ended.
You hear a shout!
The orc priest hits you with a +0 whip of pain.
* * * LOW HITPOINT WARNING * * *
The orc barely misses you. The orc hits you with a +0 whip.
You die...

#.......##.. #.......#..
.#.........# ...
...........# o...
..?........# ##o..
...........# ..oo
...$.......# ##g.# #..
...........###.o#####...
......)#...@o#†...........
..#....#...ooogg.g..........
#....#..##o.......##......
......#...##?..#......... .
........#####..##..#..#..#..
#...)... #......##.###.#..
#....... #...##....##.....
..... #.............##. ....
≈..#............#.


You could see an orc priest (very poisoned), 3 gnolls and 4 orcs.

Vanquished Creatures
  A water moccasin (Sewer)
  A hound (D:4)
  An orc priest (D:4)
  An orc wizard (D:3)
  3 gnolls (D:4)
  5 adders
  4 worms
  3 dart slugs
  6 orcs
  6 endoplasms
  3 giant cockroaches
  9 goblins
  10 hobgoblins
  3 jackals
  4 quokkas
  2 ball pythons
  11 bats
  2 frilled lizards
  6 kobolds
  3 rats
84 creatures vanquished.

Notes
Turn   | Place    | Note
-------+----------+-------------------------------------------
     0 | D:1      | ytrimaz the Octopode Transmuter began the quest for the
                  | Orb.
     0 | D:1      | Reached XP level 1. HP: 13/13 MP: 3/3
   243 | D:1      | Reached XP level 2. HP: 5/18 MP: 3/5
   983 | D:1      | Reached XP level 3. HP: 14/23 MP: 6/6
   986 | D:1      | Learned a level 2 spell: Wereblood
   990 | D:1      | Learned a level 3 spell: Spider Form
  1763 | D:2      | Reached skill level 1 in Poison Magic
  2485 | D:2      | Reached XP level 4. HP: 28/28 MP: 7/7
  3029 | D:3      | Found an iron altar of Okawaru.
  3199 | D:3      | Found a glowing drain.
  3219 | Sewer    | Entered a sewer
  3237 | Sewer    | Reached XP level 5. HP: 15/33 MP: 8/8
  3426 | Sewer    | Noticed a water moccasin
  3440 | Sewer    | Killed a water moccasin
  3609 | D:3      | Reached XP level 6. HP: 38/38 MP: 10/10
  3618 | D:3      | Learned a level 4 spell: Ice Form
  3898 | D:3      | Found a broken altar of Ashenzari.
  3908 | D:3      | Became a worshipper of Ashenzari the Shackled
  4025 | D:3      | Found an opulent altar of Gozag.
  4322 | D:3      | Identified a scroll of acquirement
  4322 | D:3      | Acquired 764 gold pieces
  4481 | D:4      | Reached skill level 1 in Ice Magic
  4500 | D:4      | Slain by an orc

Illustrated notes

Levels and vault maps discovered:
D:1:      roderic_chinese_lattice_arrival, layout_basic
D:2:      layout_basic
D:3:      layout_loops_cross, okawaru_metal_pillars_3,
          mainiacjoe_overflow_alcove_1, mainiacjoe_overflow_alcove_2,
          cheibrodos_sewer_entry_drain
D:4:      cheibrodos_quashed, layout_cave_pools, minitemple,
          chequers_serial_rivers_small_3

Skill      XL: |  1  2  3  4  5  6 |
---------------+-------------------+-----
Unarmed Combat | 4 |  4.1
Poison Magic   | 1 2 3 4 |  4.5
Transmutations | 3 |  3.4
Spellcasting   | 3 |  3.2
Ice Magic      | 1 |  1.4
Fighting       | |  1.0
Dodging        | |  2.0

Action                   |  1- 3 |  4- 6 || total
-------------------------+-------+-------++-------
Melee: Unarmed           |    73 |   128 ||   201
       Constrict         |    18 |    22 ||    40
       Tentacles         |    15 |    14 ||    29
       Kick              |     6 |     9 ||    15
       Punch             |       |     1 ||     1
 Cast: Beastly Appendage |    11 |    11 ||    22
       Spider Form       |       |     5 ||     5
       Wereblood         |       |     1 ||     1
  Use: Scroll            |     2 |     5 ||     7
       Potion            |       |     2 ||     2
 Stab: Sleeping          |     4 |     3 ||     7
Armor: Skin              |     3 |    34 ||    37
Dodge: Dodged            |    43 |   144 ||   187

Table legend: (Time is in decaauts)
 A = Elapsed time spent in this place.
 B = Non-inter-level travel time spent in this place.
 C = Inter-level travel time spent in this place.
 D = Time resting spent in this place.
 E = Time spent auto-exploring this place.
 F = Levels seen in this place.
 G = Mean time per level.
                   A        B        C        D        E       F      G
               +--------+--------+--------+--------+--------+-----+--------+
         Total |   4487 |   4434 |     53 |    277 |   3509 |   5 |  897.4 |
       Dungeon |   4151 |   4098 |     53 |    202 |   3317 |   4 | 1037.8 |
         Sewer |    336 |    336 |      0 |     75 |    192 |   1 |  336.0 |
               +--------+--------+--------+--------+--------+-----+--------+

Top non-repeatable levels by time:
     D:1: 1701 daAuts
     D:2: 1318 daAuts
     D:3: 971 daAuts
   Sewer: 336 daAuts
     D:4: 160 daAuts
